 Dungeon Crawl Stone Soup version 0.28.0-45-g0d030f2227 (webtiles) character file.

Game seed: 14615053277947044178

131 pkoi the Conjurer (level 4, -10/33 HPs)
             Began as a Demigod Conjurer on Apr 5, 2022.
             Mangled by Crazy Yiuf
             ... wielding a +2 quarterstaff of chaos
              (14 damage)
             ... on level 2 of the Dungeon.
             The game lasted 00:03:47 (2668 turns).

pkoi the Conjurer (Demigod Conjurer)                Turns: 2668, Time: 00:03:47

Health: -10/33     AC:  2    Str:  8    XL:     4   Next: 61%
Magic:  6/10       EV: 12    Int: 24    God:
Gold:   106        SH:  0    Dex: 12    Spells: 0/7 levels left

rFire   . . .      SeeInvis .   k - +2 mace (protect)
rCold   . . .      Faith    .   (no shield)
rNeg    . . .      Spirit   .   a - +0 robe
rPois   .          Reflect  .   (no helmet)
rElec   .          Harm     .   (no cloak)
rCorr   .          Rampage  .   (no gloves)
Will    .....                   (no boots)
Stlth   ++........              (no amulet)
HPRegen 0.11/turn               (no ring)
MPRegen 0.12/turn               (no ring)

@: no status effects
A: high MP 1, forlorn, divine attributes
a: no special abilities


You were on level 2 of the Dungeon.
You visited 1 branch of the dungeon, and saw 3 of its levels.

You collected 106 gold pieces.

Inventory:

Hand Weapons
 c - a +0 dagger
 h - a +1 hand axe of electrocution
 j - a +0 quarterstaff
 k - a +2 mace of protection (weapon)
Missiles
 g - 6 poisoned darts
Armour
 a - a +0 robe (worn)
Scrolls
 b - a scroll of magic mapping {unknown}
 d - 2 scrolls of teleportation {unknown}
 e - a scroll of noise {unknown}
 f - 2 scrolls of identify {unknown}
Potions
 i - a potion of cancellation {unknown}


   Skills:
 - Level 1.7 Dodging
 - Level 1.7 Stealth
 + Level 2.2 Spellcasting
 * Level 5.4 Conjurations
 * Level 0.5 Translocations


You couldn't memorise any spells.
You knew the following spells:

 Your Spells              Type           Power      Damage    Failure   Level
a - Magic Dart            Conj           100%       1d8       1%          1
b - Searing Ray           Conj           56%        2d6       1%          2
c - Iskenderun's Mystic   Conj/Tloc      17%        2d5       34%         4

Your spell library contained the following spells:

 Spells                   Type           Power      Damage    Failure   Level
 Dazzling Flash           Conj/Hex       30%        N/A       12%         3
 Fulminant Prism          Conj/Hex       7%         3d7       36%         4


Dungeon Overview and Level Annotations

Branches:
Dungeon (3/15)

Shops:
D:1 [

Annotations:
D:2 Crazy Yiuf, Jessica


Innate Abilities, Weirdness & Mutations

You have an increased reservoir of magic. (+10% MP)
You shall have no god before yourself.
Your divine heritage dramatically boosts your attributes as you level up.


Message History

Aiming: Magic Dart (safe; 1% risk of failure)
Press: ? - help, Q - select action, (/) - cycle Shift-Dir - straight line, f/p - hound skeleton
Aim: a hound skeleton (almost destroyed, 100% to hit)
The magic dart hits the hound skeleton!
You destroy the hound skeleton!
Unknown command.
You start resting.
HP restored.
You start resting.
Magic restored.
Found two maces and a runed mace.
You see here a +0 mace.
Found a mace.
Found a runed translucent door.
You see here a +2 mace of protection.
k - a +2 mace of protection Your +2 mace of protection hums with potential!
k - a +2 mace of protection (weapon)
Crazy Yiuf shouts!
You open the door.
Casting: Magic Dart (safe; 1% risk of failure)
Confirm with . or Enter, or press ? or * to list all spells.
Aiming: Searing Ray (safe; 1% risk of failure)
Press: ? - help, Shift-Dir - straight line, f - Crazy Yiuf
Aim: Crazy Yiuf, wielding a +2 quarterstaff of chaos and wearing a +1 cloak (82% to hit)
The searing ray hits Crazy Yiuf.
Crazy Yiuf is moderately wounded. (Press . to maintain the ray.) Crazy Yiuf hits you with a +2 quarterstaff of chaos!
* * * LOW HITPOINT WARNING * * *
Crazy Yiuf draws strength from your wounds!
The searing ray hits Crazy Yiuf.
Crazy Yiuf is moderately wounded.
Crazy Yiuf hits you with a +2 quarterstaff of chaos.
* * * LOW HITPOINT WARNING * * *
You are electrocuted!
* * * LOW HITPOINT WARNING * * *
The searing ray hits Crazy Yiuf.
Crazy Yiuf is moderately wounded.
Crazy Yiuf hits you with a +2 quarterstaff of chaos!
You die...

#.........#.#........#
#.
#.##.##.#.#.#.#.##.#.#
#.
#.##.##.#.#..#.....#.#
#. #.##..#######
###### #. #.##.## ..
#.....# ## ####..##♣♣
### #...#.♣♣ ♣♣#..)#
#...)..♣♣♣♣@g...#
#.....♣.♣..♣#...#
#.#)#..♣.♣♣♣ ###
#..###♣♣♣♣♣ #.# #. #.


You could see Crazy Yiuf.

Vanquished Creatures
  An iguana (D:3)
  A hound skeleton (D:2)
  4 adders
  A worm (D:3)
  2 dart slugs
  6 ball pythons
  5 bats
  5 endoplasms
  A giant cockroach (D:3)
  5 goblins (D:1)
  3 hobgoblins (D:1)
  3 jackals (D:2)
  3 quokkas (D:1)
  3 frilled lizards
  3 kobolds
  2 rats (D:1)
48 creatures vanquished.

Notes
Turn   | Place    | Note
-------+----------+-------------------------------------------
     0 | D:1      | pkoi the Demigod Conjurer began the quest for the Orb.
     0 | D:1      | Reached XP level 1. HP: 14/14 MP: 5/5
   182 | D:1      | Reached skill level 4 in Conjurations
   498 | D:1      | Reached XP level 2. HP: 20/20 MP: 4/7
  1253 | D:2      | Reached XP level 3. HP: 15/26 MP: 2/8
  1368 | D:2      | Noticed Jessica
  1931 | D:3      | Noticed a sky beast
  1953 | D:3      | Reached skill level 5 in Conjurations
  1997 | D:3      | Learned a level 2 spell: Searing Ray
  2073 | D:3      | Reached XP level 4. HP: 30/33 MP: 1/9
  2453 | D:2      | Learned a level 4 spell: Iskenderun's Mystic Blast
  2653 | D:2      | Found a runed translucent door.
  2662 | D:2      | Noticed Crazy Yiuf
  2668 | D:2      | Mangled by Crazy Yiuf

Illustrated notes

Levels and vault maps discovered:
D:1:      dpeg_arrival_pits, layout_basic, serial_shops, shop, minmay_tall_x
D:2:      layout_loops_cross, basic_altar, nicolae_ecumenical_lake_church,
          uniq_jessica, uniq_crazy_yiuf_cottage
D:3:      layout_basic, uniq_terence

Skill      XL: |  1  2  3 |
---------------+----------+-----
Conjurations   | 4 5 |  5.4
Spellcasting   | 2 |  2.2
Dodging        | |  1.7
Stealth        | |  1.7
Translocations | |  0.5

Action                   |  1- 3 |  4- 6 || total
-------------------------+-------+-------++-------
Melee: Dagger            |    13 |       ||    13
       Hand axe          |     8 |       ||     8
 Cast: Magic Dart        |    67 |    19 ||    86
       Searing Ray       |     1 |     2 ||     3
  Use: Potion            |     1 |       ||     1
Armor: Robe              |     3 |     1 ||     4
Dodge: Dodged            |    23 |     5 ||    28
